 Dungeon Crawl Stone Soup version 0.30.1-3-gfc49f6343a (webtiles) character file.

Game seed: 10074099153749485578

402 kingofthe the Conjurer (level 6, -2/32 HPs)
             Began as a Deep Elf Conjurer on July 19, 2023.
             Was an Initiate of Sif Muna.
             Slain by Pikel
             ... wielding a +2 whip of freezing
              (7 damage)
             ... on level 4 of the Dungeon.
             The game lasted 00:09:39 (4117 turns).

kingofthe the Conjurer (Deep Elf Conjurer)          Turns: 4117, Time: 00:09:39

Health: -2/32      AC:  4    Str:  4    XL:     6   Next: 55%
Magic:  10/15      EV: 14    Int: 29    God:    Sif Muna [......]
Gold:   249        SH:  0    Dex: 21    Spells: 8/15 levels left

rFire   + . .        (no weapon)
rCold   + . .        (no shield)
rNeg    . . .        a - +0 robe
rPois   .            p - +2 hat {Stlth+}
rElec   .            v - scarf {rC+ rF+}
rCorr   .            (no gloves)
SInv    .            (no boots)
Will    .....        (no amulet)
Stlth   ++++         D - +6 ring of dexterity
HPRegen 0.25/turn    I - +6 ring of intelligence
MPRegen 0.14/turn

%: no passive effects
@: no status effects
A: no striking features
a: Renounce Religion


You were on level 4 of the Dungeon.
You worshipped Sif Muna.
Sif Muna was noncommittal.
You visited 2 branches of the dungeon, and saw 5 of its levels.

You collected 249 gold pieces.


   Skills:
 + Level 4.0 Dodging
 - Level 4.0 Stealth
 + Level 5.1 Spellcasting
 * Level 6.2 Conjurations
 * Level 2.9 Hexes


You had 8 spell levels left.
You knew the following spells:

 Your Spells              Type           Power      Damage    Failure   Level
a - Magic Dart            Conj           100%       1d8       1%          1
b - Searing Ray           Conj           86%        2d7       1%          2
c - Fulminant Prism       Conj/Hex       17%        3d10      10%         4

Your spell library contained the following spells:

 Spells                   Type           Power      Damage    Failure   Level
 Dazzling Flash           Conj/Hex       68%        N/A       2%          3
 Summon Small Mammal      Summ           28%        N/A       6%          1
 Summon Guardian Golem    Hex/Summ       15%        N/A       10%         3
 Iskenderun's Mystic Bla  Conj/Tloc      25%        2d7       17%         4
 Call Canine Familiar     Summ           7%         N/A       19%         3

Inventory:

Armour
 a - a +0 robe (worn)
 p - a +2 hat of stealth (worn)
 v - a scarf of resistance (worn)
Jewellery
 C - a ring of protection from cold
 D - a +6 ring of dexterity (left hand)
 I - a +6 ring of intelligence (right hand)
Wands
 w - a wand of mindburst (8)
 y - a wand of paralysis (2)
 z - a wand of iceblast (4)
Scrolls
 c - a scroll of vulnerability {unknown}
 e - 2 scrolls of teleportation {unknown}
 h - 2 scrolls of enchant weapon {unknown}
 i - 4 scrolls of fear {unknown}
 j - 2 scrolls of identify {unknown}
 k - 2 scrolls of enchant armour {unknown}
 l - 4 scrolls of blinking {unknown}
 m - a scroll of butterflies {unknown}
 n - 3 scrolls of poison {unknown}
 o - a scroll of fog {unknown}
 r - 3 scrolls of acquirement {unknown}
Potions
 b - a potion of magic
 d - 5 potions of curing {unknown}
 f - a potion of attraction {unknown}
 g - 2 potions of resistance {unknown}
 q - 2 potions of might {unknown}
 s - a potion of heal wounds {unknown}
 t - a potion of flight {unknown}
 u - a potion of lignification {unknown}
 x - a potion of degeneration {unknown}

Dungeon Overview and Level Annotations

Branches:
Dungeon (4/15)             Temple (1/1) D:4

Altars:
Ashenzari
Dithmenos
Elyvilon
Fedhas
Gozag
Hepliaklqana
Makhleb
Okawaru
Ru
Sif Muna
Trog
Uskayaw
Yredelemnul
Zin
The Shining One

Annotations:
D:4 Pikel

######.##..รท.#############
.......................>#
#.##.##....#######.###.#
###.....#....##.......##.####
#..........#)##.........)...#
.....#.##.#.##........>....# ...
#.##.#.##.............# .
#..#.#................#
##...#....@........####
#....#.##.K...####.########
#....#.##.......##........#
#....#...#.#..#.##.#......#
#........#.####.##.#......#
#######......##......##.#......#
...........#...................#
########..............##.#......#
....(.........##......##.#...####


You could see Pikel (fast).


Message History

Confirm with . or Enter, or press ? or * to list all spells.
Aiming: Searing Ray (safe; 1% risk of failure)
Press: ? - help, Shift-Dir - straight line, f/p - Pikel
Aim: Pikel, wielding a +2 whip of freezing and wearing a +0 robe (lightly wounded, fast, 77% to hit)
The searing ray hits Pikel.
Pikel is moderately wounded. (Press . to maintain the ray.) Pikel hits you with a +2 whip of freezing!
* * * LOW HITPOINT WARNING * * *
Pikel freezes you.
* * * LOW HITPOINT WARNING * * *
Pikel closely misses you.
Aiming: Paralyse
Press: ? - help, Shift-Dir - straight line, f/p - Pikel
Aim: Pikel, wielding a +2 whip of freezing and wearing a +0 robe (moderately wounded, fast, chance to affect: 49%) Pikel resists with some effort.
Pikel hits you with a +2 whip of freezing.
* * * LOW HITPOINT WARNING * * *
Aiming: Paralyse
Press: ? - help, Shift-Dir - straight line, f/p - Pikel
Aim: Pikel, wielding a +2 whip of freezing and wearing a +0 robe (moderately wounded, fast, chance to affect: 49%) Pikel resists with some effort.
Pikel closely misses you. Pikel hits you but does no damage.
Aiming: Paralyse
Press: ? - help, Shift-Dir - straight line, f/p - Pikel
Aim: Pikel, wielding a +2 whip of freezing and wearing a +0 robe (moderately wounded, fast, chance to affect: 49%) Pikel suddenly stops moving!
Pikel attacks as you move away!
Pikel hits you with a +2 whip of freezing!
You die...

Skill      XL: |  1  2  3  4  5  6 |
---------------+-------------------+-----
Stealth        | 3 4 |  4.0
Dodging        | 3 4 |  4.0
Spellcasting   | 4 5 |  5.1
Conjurations   | 5 6 |  6.2
Hexes          | 1 2 |  2.9

Action                     |  1- 3 |  4- 6 || total
---------------------------+-------+-------++-------
  Melee: Unarmed           |     7 |       ||     7
   Cast: Magic Dart        |    54 |    50 ||   104
         Searing Ray       |     3 |    15 ||    18
  Evoke: Wand              |       |     4 ||     4
   Stab: Sleeping          |     1 |       ||     1
 Armour: Robe              |     3 |     4 ||     7
  Dodge: Dodged            |     3 |    18 ||    21

Levels and vault maps discovered:
D:1:      lightli_arrival_maybe_door_vault, layout_basic,
          corexii_leaking_fountain, minivault_11, chequers_serial_rivers_room_a
D:2:      layout_basic, minmay_pentomino_s4, uniq_terence
D:3:      layout_loops_ring, old_standard_altar,
          chequers_ecumenical_altar_simple_redux
D:4:      layout_basic, minmay_temple_entry_offerings, chequers_garden,
          uniq_sigmund, uniq_grinder, uniq_pikel
Temple:   minmay_temple_curvy_branch

Notes
Turn   | Place    | Note
-------+----------+-------------------------------------------
     0 | D:1      | kingofthe the Deep Elf Conjurer began the quest for the
                  | Orb.
     0 | D:1      | Reached XP level 1. HP: 10/10 MP: 6/6
   397 | D:1      | Reached XP level 2. HP: 13/15 MP: 5/8
   883 | D:2      | Learned a level 2 spell: Searing Ray
  1087 | D:2      | Reached XP level 3. HP: 17/19 MP: 1/10
  1407 | D:2      | Reached skill level 3 in Stealth
  1550 | D:2      | Reached skill level 3 in Dodging
  1582 | D:2      | Reached skill level 4 in Spellcasting
  1737 | D:2      | Noticed Terence
  1746 | D:2      | Killed Terence
  1747 | D:2      | Reached skill level 5 in Conjurations
  1747 | D:2      | Reached XP level 4. HP: 24/24 MP: 2/12
  1753 | D:2      | Learned a level 4 spell: Fulminant Prism
  2229 | D:3      | Found a burning altar of Makhleb.
  2372 | D:3      | Noticed a scorpion
  2380 | D:3      | Killed a scorpion
  2381 | D:3      | Reached skill level 1 in Hexes
  2483 | D:3      | Found a faded altar of an unknown god.
  2579 | D:3      | Reached XP level 5. HP: 24/28 MP: 10/13
  3104 | D:4      | Identified a scarf of resistance
  3183 | D:4      | Found a staircase to the Ecumenical Temple.
  3198 | Temple   | Entered the Ecumenical Temple
  3454 | Temple   | Became a worshipper of Sif Muna the Loreminder
  3535 | D:4      | Noticed Sigmund
  3541 | D:4      | Killed Sigmund
  3542 | D:4      | Reached skill level 4 in Stealth
  3542 | D:4      | Reached skill level 6 in Conjurations
  3542 | D:4      | Reached skill level 2 in Hexes
  3542 | D:4      | Reached XP level 6. HP: 29/32 MP: 5/15
  3645 | D:4      | Reached skill level 5 in Spellcasting
  3744 | D:4      | Reached skill level 4 in Dodging
  3745 | D:4      | HP: 1/32 [black bear (5)]
  3877 | D:4      | Noticed Pikel
  4105 | D:4      | HP: 2/32 [Pikel/+2 whip of freezing (2)]
  4117 | D:4      | Slain by Pikel

Vanquished Creatures
  Sigmund (D:4)
  3 lemures (D:4)
  A bullfrog (D:4)
  A scorpion (D:3)
  A hound (D:4)
  Terence (D:2)
  An adder (D:2)
  3 worms
  2 dart slugs
  4 orcs (D:3)
  2 endoplasms
  2 giant cockroaches
  6 goblins
  2 hobgoblins
  3 jackals (D:2)
  3 kobolds
  6 quokkas
  9 ball pythons
  2 bats (D:2)
  A frilled lizard (D:2)
  3 rats
57 creatures vanquished.

Table legend: (Time is in decaauts)
 A = Elapsed time spent in this place.
 B = Non-inter-level travel time spent in this place.
 C = Inter-level travel time spent in this place.
 D = Time resting spent in this place.
 E = Time spent auto-exploring this place.
 F = Levels seen in this place.
 G = Mean time per level.
                   A        B        C        D        E       F      G
               +--------+--------+--------+--------+--------+-----+--------+
         Total |   4114 |   4009 |    105 |    154 |   3387 |   5 |  822.8 |
       Dungeon |   3849 |   3751 |     98 |    154 |   3143 |   4 |  962.2 |
        Temple |    264 |    257 |      7 |      0 |    244 |   1 |  264.0 |
               +--------+--------+--------+--------+--------+-----+--------+

Top non-repeatable levels by time:
     D:2: 1344 daAuts
     D:1: 876 daAuts
     D:3: 862 daAuts
     D:4: 766 daAuts
  Temple: 264 daAuts

Table legend:
 A = Non-vault XP
 B = Vault XP
 C = Vault XP percentage of total XP
 D = Non-vault monster count
 E = Vault monster count
 F = Vault count percentage of total count
                 A         B        C        D         E       F
            +---------+---------+-------+---------+---------+-------
      Total |     316 |     259 |  45.0 |      51 |       3 |   5.6
            +---------+---------+-------+---------+---------+-------
        D:1 |      20 |       0 |   0.0 |      11 |       0 |   0.0
        D:2 |      40 |      45 |  52.9 |      20 |       2 |   9.1
        D:3 |     105 |       0 |   0.0 |      10 |       0 |   0.0
        D:4 |     151 |     214 |  58.6 |      10 |       1 |   9.1
            +---------+---------+-------+---------+---------+-------
